 Dungeon Crawl Stone Soup version 0.20-a0-494-gf50ee04 (webtiles) character file.

1035 Ijustatesigmund the Sneak (level 8, -5/69 HPs)
             Began as a Naga Wizard on Jan 17, 2017.
             Was an Initiate of Ashenzari.
             Slain by a two-headed ogre
             ... wielding a +0 giant club
              (7 damage)
             ... on level 6 of the Dungeon.
             The game lasted 00:23:35 (7896 turns).

Ijustatesigmund the Sneak (Naga Wizard)             Turns: 7896, Time: 00:23:36

Health: -5/69      AC:  6    Str:  9    XL:     8   Next: 24%
Magic:  9/29       EV: 10    Int: 19    God:    Ashenzari [......]
Gold:   295        SH:  0    Dex: 16    Spells: 4/15 levels left

rFire    . . .     SeeInvis +   g - staff of power
rCold    . . .     Gourm    .   a - +0 robe
rNeg     . . .     Faith    .   (no shield)
rPois    +         Spirit   .   b - +0 hat
rElec    .         Reflect  .   B - +1 cloak
rCorr    +         Harm     .   j - +0 pair of gloves
MR       +....                  (no barding)
Stlth    +++.......             (no amulet)
Regen    0.3/turn               z - ring of resist corrosion
                                x - +4 ring of dexterity

@: very slightly contaminated, repel missiles, very slow
A: see invisible, deformed body, poison resistance, slowness 2, slow metabolism
1, spit poison 1, AC +2
a: Spit Poison, Curse Item, Renounce Religion


You were on level 6 of the Dungeon.
You worshipped Ashenzari.
Ashenzari was noncommittal.
You were not hungry.

You visited 1 branch of the dungeon, and saw 6 of its levels.
You also visited: Sewer.

You collected 295 gold pieces.

Inventory:

Hand Weapons
 e - a +0 rapier
 p - a +2 quarterstaff of chaos
Missiles
 o - 43 sling bullets
 u - 3 javelins (quivered)
Armour
 a - a +0 robe (worn)
 b - a +0 hat (worn)
 j - a +0 pair of gloves (worn)
 B - a +1 cloak (worn)
Magical Staves
 g - an uncursed staff of power (weapon)
Jewellery
 x - a +4 ring of dexterity (left hand)
 z - a ring of resist corrosion (right hand)
Wands
 v - a wand of polymorph (11/24)
 C - a wand of paralysis (13/24)
 E - a wand of random effects (21/48)
Scrolls
 t - 2 scrolls of teleportation
 A - a scroll of remove curse
Potions
 f - 3 potions of haste
 i - 2 potions of cancellation
 k - 3 potions of heal wounds
 l - 2 potions of brilliance
 m - a potion of lignification
 n - a potion of curing
 q - a potion of magic {unknown}
 r - a potion of resistance
 s - a potion of berserk rage
Books
 c - a book of Minor Magic

   Spells                             Type                      Level
   a - Magic Dart                     Conjuration                  1
   b - Blink                          Translocation                2
   c - Call Imp                       Summoning                    2
   d - Repel Missiles                 Charms/Air                   2
   e - Slow                           Hexes                        2
   f - Conjure Flame                  Conjuration/Fire             3
   g - Mephitic Cloud                 Conjuration/Poison/Air       3
 y - a book of Misfortune

   Spells                             Type                      Level
   a - Confusing Touch                Hexes                        1
   b - Confuse                        Hexes                        3
   c - Gell's Gravitas                Hexes/Translocation          3
   d - Petrify                        Transmutation/Earth          4
   e - Metabolic Englaciation         Hexes/Ice                    5
   f - Yara's Violent Unravelling     Hexes/Transmutation          5
Comestibles
 d - 3 bread rations
 h - 3 meat rations
 w - a beef jerky
 D - 4 chunks of flesh


   Skills:
 - Level 3.2 Fighting
 - Level 2.1 Short Blades
 + Level 1.5 Dodging
 - Level 6.1 Stealth
 - Level 4.1 Spellcasting
 - Level 4.0 Conjurations
   Level 1.0 Summonings
 - Level 1.0 Translocations
 + Level 4.1 Air Magic
 - Level 4.1 Poison Magic


You had 4 spell levels left.
You knew the following spells:

 Your Spells              Type           Power        Failure   Level  Hunger
a - Magic Dart            Conj           ###.         2%          1    None
b - Blink                 Tloc           N/A          14%         2    ##.....
c - Repel Missiles        Chrm/Air       ##....       10%         2    ##.....
d - Mephitic Cloud        Conj/Pois/Air  ###.....     10%         3    ###....
e - Conjure Flame         Conj/Fire      ##......     17%         3    ###....


Dungeon Overview and Level Annotations

Branches:
Dungeon (6/15)
 Temple: D:4-7

Altars:
Ashenzari
Cheibriados
Xom

Annotations:
D:4 Menkaure, Sigmund


Innate Abilities, Weirdness & Mutations

You cannot wear boots.
Your serpentine skin is tough. (AC +2)
You have supernaturally acute eyesight. (SInv)
Armour fits poorly on your strangely shaped body.
Your system is resistant to poisons. (rPois)
You cover ground very slowly.
You have a slow metabolism.
You can spit poison.


Message History

Aiming: Magic Dart
Press: ? - help, Shift-Dir - straight line, f/p - two-headed ogre
Aim: a two-headed ogre, wielding two giant clubs (noxious fumes, severely wounded)
The magic dart hits the two-headed ogre.
The two-headed ogre is severely wounded.
The two-headed ogre is engulfed in noxious fumes.
The two-headed ogre hits you with a giant club! x2
* * * LOW HITPOINT WARNING * * *
Casting: Magic Dart
Confirm with . or Enter, or press ? or * to list all spells.
Aiming: Magic Dart
Press: ? - help, Shift-Dir - straight line, f/p - two-headed ogre
Aim: a two-headed ogre, wielding two giant clubs (noxious fumes, almost dead)
The magic dart hits the two-headed ogre.
The two-headed ogre is almost dead.
The two-headed ogre is engulfed in noxious fumes.
The two-headed ogre hits you with a giant club!!
* * * LOW HITPOINT WARNING * * *
The two-headed ogre hits you with a giant club!
You die...

#.##.# #.##.# #.##.#
#.##.# #.##.# #.##.#
#.##.# #######
#.##.######......#
##.
#.##.....§@§>.....
...
#.######.§O§.....###
##.### #.#
#.§§§...?.... ...†..
#.# #.............
#.... #.#
#...#.####..... ##..
#.# #...#.#
.....###.# #.#
##.##.. ..........
#.# #.. ...
.........# #.# ###
### ######..#


You could see a two-headed ogre.

Vanquished Creatures
  An orc warrior (D:6)
  A sky beast (D:6)
  A centaur (D:6)
  A crocodile (Sewer)
  2 bullfrogs (D:6)
  3 bullfrog zombies
  A hound (D:5)
  A jelly (D:6)
  Crazy Yiuf (D:2)
  An iron imp (D:6)
  An orc wizard (D:5)
  A bullfrog skeleton (D:5)
  2 centaur skeletons
  A gnoll shaman (D:5)
  An iguana (D:6)
  7 adders
  4 gnolls (D:5)
  2 oozes
  A worm (D:5)
  3 dart slugs
  4 leopard geckos
  5 orcs
  16 bats
  12 giant cockroaches
  5 goblins
  2 hobgoblins (D:1)
  9 jackals
  3 kobolds
  4 quokkas
  A ball python (D:4)
  2 frilled lizards (D:3)
  A giant cockroach zombie (D:6)
  3 rats
103 creatures vanquished.

Notes
Turn   | Place    | Note
-------+----------+-------------------------------------------
     0 | D:1      | Ijustatesigmund the Naga Wizard began the quest for the Orb.
     0 | D:1      | Reached XP level 1. HP: 15/15 MP: 4/4
   190 | D:1      | Reached XP level 2. HP: 8/22 MP: 0/6
   525 | D:1      | Learned a level 2 spell: Blink
   528 | D:1      | Learned a level 2 spell: Repel Missiles
   896 | D:1      | Reached XP level 3. HP: 19/28 MP: 1/7
  1606 | D:2      | Found a shimmering altar of Xom.
  1607 | D:2      | Found a shimmering altar of Xom.
  1607 | D:2      | Found a shimmering altar of Xom.
  1607 | D:2      | Found a shimmering altar of Xom.
  1849 | D:2      | Reached XP level 4. HP: 32/36 MP: 7/9
  1886 | D:2      | Learned a level 3 spell: Mephitic Cloud
  2140 | D:2      | You fall through a shaft for 2 floors!
  2194 | D:4      | Noticed Sigmund
  2815 | D:2      | Found a runed door.
  2819 | D:2      | Noticed Crazy Yiuf
  2828 | D:2      | Killed Crazy Yiuf
  3059 | D:2      | Found a faded altar of an unknown god.
  3150 | D:2      | Reached XP level 5. HP: 42/42 MP: 9/11
  4084 | D:4      | Noticed Menkaure
  4426 | D:5      | Entered Level 5 of the Dungeon
  4485 | D:5      | Found a glowing drain.
  4596 | Sewer    | Entered a sewer
  4671 | Sewer    | Noticed a crocodile
  4683 | Sewer    | Killed a crocodile
  4683 | Sewer    | Reached skill level 1 in Fighting
  4683 | Sewer    | Reached skill level 4 in Stealth
  4683 | Sewer    | Reached XP level 6. HP: 46/51 MP: 0/12
  5136 | D:5      | Reached skill level 5 in Stealth
  5727 | D:5      | Reached skill level 6 in Stealth
  5727 | D:5      | Reached XP level 7. HP: 62/62 MP: 3/13
  5748 | D:5      | Reached skill level 1 in Poison Magic
  6072 | D:5      | Learned a level 3 spell: Conjure Flame
  6274 | D:6      | Reached skill level 1 in Air Magic
  6726 | D:6      | Found a shattered altar of Ashenzari.
  6923 | D:6      | Became a worshipper of Ashenzari the Shackled
  6970 | D:6      | Found a snail-covered altar of Cheibriados.
  7192 | D:6      | Reached XP level 8. HP: 66/69 MP: 7/14
  7601 | D:6      | Reached skill level 1 in Short Blades
  7875 | D:6      | Noticed a two-headed ogre
  7896 | D:6      | HP: 2/69 [two-headed ogre/giant club (18)]
  7896 | D:6      | Slain by a two-headed ogre

Vault maps used:
D:1:      lightli_arrival_boilingwater, corexii_corridor_pit,
          minmay_misc_feat_roman, minmay_misc_feat_tower
D:2:      xom_redecorated, first_bread, chequers_ecumenical_altar_grove,
          uniq_crazy_yiuf_cottage
D:3:      mumra_celtic_spiral_tile
D:4:      uniq_sigmund, uniq_menkaure
D:5:      gup_sewer_entry_glass
D:6:      slow_altar_1, evilmike_ruin_ashenzari
Sewer:    sewer_big_baddie

Skill      XL: |  1  2  3  4  5  6  7  8 |
---------------+-------------------------+-----
Conjurations   | 2 3 4 |  4.0
Spellcasting   | 4 |  4.1
Fighting       | 1 3 |  3.2
Stealth        | 4 6 |  6.1
Poison Magic   | 4 |  4.1
Air Magic      | 3 4 |  4.1
Short Blades   | 2 |  2.1
Dodging        | |  1.5
Summonings     | |  1.0
Translocations | |  1.0

Action                   |  1- 3 |  4- 6 |  7- 9 || total
-------------------------+-------+-------+-------++-------
Melee: Dagger            |    19 |       |       ||    19
       Rapier            |    12 |    45 |    40 ||    97
 Fire: Hunting sling     |    24 |       |       ||    24
Throw: Javelin           |       |       |     2 ||     2
 Cast: Magic Dart        |    58 |   144 |    98 ||   300
       Repel Missiles    |     1 |     1 |     2 ||     4
       Mephitic Cloud    |       |     7 |     6 ||    13
 Abil: Spit Poison       |     4 |     3 |     6 ||    13
Evoke: Wand              |       |     1 |       ||     1
  Use: Scroll            |     8 |     6 |     2 ||    16
       Potion            |       |     1 |       ||     1
 Stab: Sleeping          |     1 |     1 |     1 ||     3
       Confused          |       |     3 |     3 ||     6
  Eat: Chunk             |     1 |       |     3 ||     4
       Beef jerky        |     1 |       |     1 ||     2
       Royal jelly       |       |     1 |       ||     1
       Meat ration       |       |     1 |       ||     1
       Fruit             |       |     4 |       ||     4
       Pizza             |       |       |     1 ||     1
Armor: Robe              |    22 |    14 |    15 ||    51
Dodge: Dodged            |    44 |    44 |    46 ||   134
       Deflected         |       |     3 |     2 ||     5
